AoeStats
← SHAKUR

Arabia

509795522Analyzed
1v1 RM · 4d ago on Sep 28, 2026· 29m 34s· 2 players
Game mode
Random Map
Map size
Tiny (2 player)
Population
200
Speed
Normal
Resources
Standard
Victory
Conquest
Starting age
Dark Age
Ending age
Imperial Age
RankedLock teamsTeams togetherTeam positionsShared explorationLock speedFull tech treeHidden civsTurbo modeCheats
Victory
Defeat
🇦🇷 Lithuanians · Argentina
1087
+16
🇦🇷 Vikings · Argentina
1090
-16
SHAKUR
6:52 Loom
9:23 Feudal Age
10:12 Double-Bit Axe
10:15 Town Watch
13:27 Wheelbarrow
15:11 Fletching
25:31 Castle Age
24:50 Bloodlines
24:58 Forging
25:24 Padded Archer Armor
26:21 Scale Barding Armor
25:48 Elite Skirmisher
Bak5199
6:57 Loom
10:06 Feudal Age
11:08 Double-Bit Axe
23:50 Castle Age
22:01 Arson
22:10 Fletching
22:42 Gold Mining
23:15 Stone Mining
23:34 Padded Archer Armor
23:57 Crossbowman
Connection lost

Rejoining the realm…

Still unreachable

The connection could not be restored.

Session expired

The server has moved on; the page needs a fresh start.